 Dungeon Crawl Stone Soup version 0.28.0 (webtiles) character file.

Game seed: 4851544079276913357

51 styxcanada the Firebug (level 3, -10/19 HPs)
             Began as a Deep Elf Fire Elementalist on Feb 16, 2022.
             Mangled by Sigmund (11 damage)
             ... on level 2 of the Dungeon.
             The game lasted 00:08:25 (2296 turns).

styxcanada the Firebug (Deep Elf Fire Elementalist) Turns: 2296, Time: 00:08:25

Health: -10/19     AC:  3    Str:  5    XL:     3   Next: 57%
Magic:  9/10       EV: 11    Int: 21    God:
Gold:   9          SH:  0    Dex: 15    Spells: 8/9 levels left

rFire   . . .      SeeInvis .   h - +0 short sword
rCold   . . .      Faith    .   (no shield)
rNeg    . . .      Spirit   .   k - +0 leather armour
rPois   .          Reflect  .   (no helmet)
rElec   .          Harm     .   (no cloak)
rCorr   .          Rampage  .   (no gloves)
Will    .....                   (no boots)
Stlth   ++........              (no amulet)
HPRegen 0.06/turn               (no ring)
MPRegen 0.12/turn               (no ring)

@: attractive
A: no striking features
a: no special abilities


You were on level 2 of the Dungeon.
You visited 1 branch of the dungeon, and saw 2 of its levels.

You collected 9 gold pieces.

Inventory:

Hand Weapons
 e - a +0 dagger
 h - a +0 short sword (weapon)
 o - a +2 hunting sling of freezing
Missiles
 d - 76 stones
 n - 4 poisoned darts (quivered)
Armour
 k - a +0 leather armour (worn)
Magical Staves
 g - a staff of earth
Jewellery
 c - a ring of poison resistance
Scrolls
 a - a scroll of fear {unknown}
 b - 3 scrolls of identify {unknown}
 f - a scroll of enchant weapon {unknown}
 i - a scroll of teleportation {unknown}
 l - a scroll of acquirement {unknown}
Potions
 p - a potion of magic {unknown}


   Skills:
 + Level 2.6 Dodging
 * Level 3.0 Stealth
 + Level 3.7 Spellcasting
 + Level 1.4 Conjurations
 + Level 4.2 Fire Magic


You had 8 spell levels left.
You knew the following spells:

 Your Spells              Type           Power      Damage    Failure   Level
a - Foxfire               Conj/Fire      60%        2x1d7     6%          1

Your spell library contained the following spells:

 Spells                   Type           Power      Damage    Failure   Level
 Scorch                   Fire           42%        2d7       5%          2
 Conjure Flame            Conj/Fire      15%        6-21      19%         3
 Inner Flame              Hex/Fire       12%        N/A       26%         3
 Flame Wave               Conj/Fire      15%        2d6       54%         4


Dungeon Overview and Level Annotations

Branches:
Dungeon (2/15)

Altars:

Annotations:
D:2 Sigmund


Message History

Sigmund flickers and vanishes!
Deactivating autopickup; reactivate with Ctrl-A.
The foxfire hits something. x2
Casting: Foxfire (safe; 6% risk of failure)
Confirm with . or Enter, or press ? or * to list all spells.
You conjure some foxfire!
Your foxfire dissipates!
The foxfire hits something.
A magic dart appears from out of thin air!
The magic dart hits you.
Casting: Foxfire (safe; 6% risk of failure)
Confirm with . or Enter, or press ? or * to list all spells.
You conjure some foxfire!
The foxfire hits something. x2
You hear some strange, mumbled words.
You are confused.
A magic dart appears from out of thin air!
The magic dart hits you.
You're too confused to cast spells.
Sorry, you're not good enough to have a special ability.
You're too confused to cast spells.
Sorry, you're not good enough to have a special ability.
Unknown command.
It was a potion of attraction.
You feel attractive to monsters.
You hear some strange, mumbled words.
You are more confused.
Something is attracted toward you.
It was a potion of curing.
You feel better. Something hits you. Something hits you!
Ouch! That really hurt!
* * * LOW HITPOINT WARNING * * *
Something is attracted toward you. Something is attracted toward you.
Something hits you.
* * * LOW HITPOINT WARNING * * *
Something is attracted toward you. Something hits you!
Ouch! That really hurt!
You die...

#.######## ########.# ########
#......#.#.# #......#
#......#.#.#.# #....(.#
#......#.#.#.# ####......#
##......#.#.#.# ..........#
#...§.§.....#.# (###.#..#.###
#.........#.#.# .#.#....#.#.#
#@##+##...#.#.# .#.#.##...#.#
#.##..........# .+........#.#
#.##..#.......# .#....#...#.#
#.##......##..## .'........#.#
#.##.......#...# .###........##
#.##....♣♣.....#
)............###.###....♣.....###
...............>.# #.#...........
#.##..#......#...###.##.#..#.....


There were no monsters in sight!

Vanquished Creatures
  A dart slug (D:1)
  7 ball pythons
  3 endoplasms
  A giant cockroach (D:1)
  4 goblins
  6 hobgoblins
  6 jackals
  2 quokkas (D:1)
  A bat (D:1)
  3 frilled lizards (D:1)
  7 kobolds
  3 rats (D:1)
44 creatures vanquished.

Vanquished Creatures (others)
  87 foxfires
87 creatures vanquished.

Grand Total: 131 creatures vanquished

Notes
Turn   | Place    | Note
-------+----------+-------------------------------------------
     0 | D:1      | styxcanada the Deep Elf Fire Elementalist began the quest
                  | for the Orb.
     0 | D:1      | Reached XP level 1. HP: 10/10 MP: 6/6
   225 | D:1      | Reached XP level 2. HP: 15/15 MP: 0/8
   918 | D:1      | Reached skill level 4 in Fire Magic
   985 | D:1      | Reached XP level 3. HP: 15/19 MP: 6/9
  2275 | D:2      | Noticed Sigmund
  2296 | D:2      | Mangled by Sigmund

Illustrated notes

Levels and vault maps discovered:
D:1:      psy_arrival_conway, layout_basic, corexii_item_surrounded_by_moat,
          minmay_hedge_maze
D:2:      layout_basic, chequers_mini_garden, uniq_sigmund

Skill      XL: |  1  2  3 |
---------------+----------+-----
Fire Magic     | 4 |  4.2
Stealth        | 3 |  3.0
Dodging        | |  2.6
Spellcasting   | |  3.7
Conjurations   | |  1.4

Action                   || total
-------------------------++-------
Melee: Short sword       ||     7
       Dagger            ||     1
 Cast: Foxfire           ||    62
  Use: Potion            ||     2
 Stab: Sleeping          ||     2
Armor: Robe              ||     1
       Leather armour    ||     8
Dodge: Dodged            ||    25
